[ AOE2 MATCH · #507368338 ]
UnrankedFranks vs Wei
Player's team · WIN
Rival team · LOSS
[ REPLAY ANALYSIS · EXTRACTED FROM THE RECORDED GAME ]
Feudal
9:23
Castle
—
Imperial
—
| APM avg | 43.4 |
| APM peak | 76 |
| eAPM avg | 16.0 |
| Villagers / military | 57 / 29 |
Focus
⚔️ 23.0% · 🌾 77.0%
Scout Cavalry ×26 · Spearman ×3
Feudal
9:57
Castle
21:39
Imperial
—
| APM avg | 36.7 |
| APM peak | 64 |
| eAPM avg | 21.7 |
| Villagers / military | 38 / 13 |
Focus
⚔️ 50.6% · 🌾 49.4%
Spearman ×7 · Scout Cavalry ×6 · Unknown (1944) ×4
Match map
Initial resources + every placement click. Lines = walls · curves = elevation contours. ◆ gold · ⬟ stone · ● berries · ✦ relic · ◌ wall gap
Your base· Open — unwalled flank
DGHIR | Lukera's base· Open — 3t gap
Smoothed initial terrain · ◌ = detected wall gap · hover for details
Inputs per minute
— hK | triunFo - - DGHIR | Lukera
Build order — hK | triunFo
136 actions detected in the replay
| 0:00 | Queue | Villager (Male) |
| 0:01 | Queue | Villager (Male) |
| 0:01 | Queue | Villager (Male) |
| 0:01 | Queue | Villager (Male) |
| 0:02 | Queue | Villager (Male) |
| 0:05 | Build | House |
| 1:37 | Queue | Villager (Male) |
| 1:37 | Queue | Villager (Male) |
| 1:50 | Build | House |
| 1:56 | Build | House |
| 2:06 | Queue | Villager (Male) |
| 2:07 | Queue | Villager (Male) |
| 2:07 | Queue | Villager (Male) |
| 2:56 | Queue | Villager (Male) |
| 3:06 | Build | Lumber Camp |
| 3:12 | Queue | Villager (Male) |
| 3:17 | Queue | Villager (Male) |
| 3:46 | Queue | Villager (Male) |
| 3:46 | Queue | Villager (Male) |
| 3:47 | Queue | Villager (Male) |
| 4:22 | Queue | Villager (Male) |
| 4:22 | Queue | Villager (Male) |
| 4:23 | Queue | Villager (Male) |
| 5:06 | Queue | Villager (Male) |
| 5:06 | Queue | Villager (Male) |
| 5:06 | Queue | Villager (Male) |
| 5:07 | Queue | Villager (Male) |
| 6:02 | Build | Mill |
| 6:45 | Research | Loom |
| 6:45 | Research | Loom |
| 7:13 | Research | Feudal Age |
| 7:13 | Research | Feudal Age |
| 8:00 | Build | House |
| 8:01 | Build | House |
| 8:01 | Build | House |
| 8:24 | Queue | Villager (Male) |
| 8:42 | Build | Barracks |
| 9:23 | Age | Feudal Age |
| 9:28 | Research | Double-Bit Axe |
| 9:28 | Research | Double-Bit Axe |
| 9:32 | Queue | Villager (Male) |
| 9:32 | Queue | Villager (Male) |
| 10:03 | Build | Stable |
| 10:09 | Queue | Villager (Male) |
| 10:37 | Queue | Villager (Male) |
| 10:40 | Queue | Scout Cavalry |
| 10:40 | Queue | Scout Cavalry |
| 10:41 | Queue | Scout Cavalry |
| 10:48 | Build | Blacksmith |
| 10:53 | Build | House |
| 10:55 | Queue | Villager (Male) |
| 10:56 | Queue | Villager (Male) |
| 10:56 | Queue | Villager (Male) |
| 11:19 | Build | House |
| 11:26 | Queue | Scout Cavalry |
| 11:26 | Queue | Scout Cavalry |
| 11:33 | Build | Farm |
| 11:43 | Queue | Villager (Male) |
| 11:48 | Build | Farm |
| 11:50 | Build | Farm |
| 12:00 | Queue | Villager (Male) |
| 12:06 | Build | Farm |
| 12:12 | Build | House |
| 12:24 | Queue | Scout Cavalry |
| 12:24 | Queue | Scout Cavalry |
| 12:42 | Build | Farm |
| 12:43 | Build | Farm |
| 12:50 | Build | House |
| 12:57 | Queue | Villager (Male) |
| 12:58 | Queue | Villager (Male) |
| 12:58 | Queue | Villager (Male) |
| 12:58 | Queue | Villager (Male) |
| 13:12 | Build | Farm |
| 13:38 | Build | Farm |
| 13:39 | Queue | Villager (Male) |
| 13:45 | Build | Farm |
| 13:52 | Queue | Spearman |
| 13:52 | Queue | Spearman |
| 14:06 | Build | Farm |
| 14:28 | Build | House |
| 14:33 | Build | Palisade Wall |
| 14:38 | Queue | Scout Cavalry |
| 14:38 | Queue | Scout Cavalry |
| 14:38 | Queue | Scout Cavalry |
| 14:39 | Queue | Scout Cavalry |
| 14:39 | Queue | Scout Cavalry |
| 14:39 | Queue | Scout Cavalry |
| 14:55 | Build | Farm |
| 14:56 | Queue | Villager (Male) |
| 15:19 | Research | Scale Barding Armor |
| 15:20 | Research | Scale Barding Armor |
| 15:21 | Queue | Villager (Male) |
| 15:21 | Queue | Villager (Male) |
| 15:22 | Queue | Villager (Male) |
| 15:30 | Build | Mining Camp |
| 15:46 | Queue | Scout Cavalry |
| 15:46 | Queue | Scout Cavalry |
| 16:11 | Queue | Villager (Male) |
| 16:12 | Queue | Villager (Male) |
| 16:16 | Build | Farm |
| 16:23 | Build | Farm |
| 16:23 | Build | Farm |
| 16:29 | Queue | Villager (Male) |
| 16:34 | Queue | Spearman |
| 16:49 | Queue | Scout Cavalry |
| 17:07 | Build | Watch Tower |
| 17:16 | Queue | Villager (Male) |
| 17:16 | Queue | Villager (Male) |
| 17:38 | Research | Fletching |
| 18:00 | Build | Watch Tower |
| 18:40 | Queue | Villager (Male) |
| 18:40 | Queue | Villager (Male) |
| 18:40 | Queue | Villager (Male) |
| 19:30 | Queue | Scout Cavalry |
| 19:30 | Queue | Scout Cavalry |
| 19:30 | Queue | Scout Cavalry |
| 19:31 | Queue | Scout Cavalry |
| 20:17 | Queue | Villager (Male) |
| 20:18 | Queue | Scout Cavalry |
| 20:18 | Queue | Scout Cavalry |
| 20:18 | Queue | Scout Cavalry |
| 20:37 | Build | Watch Tower |
| 20:42 | Queue | Scout Cavalry |
| 20:42 | Queue | Scout Cavalry |
| 21:00 | Research | Town Watch |
| 21:00 | Research | Town Watch |
| 21:51 | Queue | Scout Cavalry |
| 21:52 | Queue | Villager (Male) |
| 21:52 | Queue | Villager (Male) |
| 21:53 | Queue | Villager (Male) |
| 21:56 | Build | Farm |
| 21:57 | Build | Farm |
| 22:22 | Queue | Villager (Male) |
| 22:22 | Queue | Villager (Male) |
| 22:23 | Queue | Villager (Male) |
| 22:27 | Build | Mining Camp |
Build order — DGHIR | Lukera
115 actions detected in the replay
| 0:01 | Queue | Villager (Male) |
| 0:01 | Queue | Villager (Male) |
| 0:03 | Build | House |
| 0:04 | Build | House |
| 0:16 | Queue | Villager (Male) |
| 0:16 | Queue | Villager (Male) |
| 1:24 | Queue | Villager (Male) |
| 1:25 | Queue | Villager (Male) |
| 2:04 | Queue | Villager (Male) |
| 2:04 | Queue | Villager (Male) |
| 2:12 | Build | Lumber Camp |
| 2:20 | Queue | Villager (Male) |
| 2:43 | Queue | Villager (Male) |
| 3:04 | Build | House |
| 3:14 | Queue | Villager (Male) |
| 3:15 | Queue | Villager (Male) |
| 4:05 | Queue | Villager (Male) |
| 4:06 | Queue | Villager (Male) |
| 4:34 | Build | Mill |
| 4:38 | Queue | Villager (Male) |
| 4:39 | Queue | Villager (Male) |
| 4:44 | Queue | Villager (Male) |
| 4:45 | Queue | Villager (Male) |
| 5:27 | Queue | Villager (Male) |
| 5:40 | Queue | Villager (Male) |
| 6:18 | Queue | Villager (Male) |
| 6:30 | Queue | Villager (Male) |
| 6:42 | Research | Loom |
| 7:08 | Build | House |
| 7:16 | Research | Loom |
| 7:47 | Research | Feudal Age |
| 7:47 | Research | Feudal Age |
| 8:24 | Build | Barracks |
| 8:25 | Build | House |
| 8:26 | Build | Palisade Wall |
| 9:57 | Age | Feudal Age |
| 10:09 | Build | Stable |
| 10:11 | Queue | Villager (Male) |
| 10:29 | Research | Double-Bit Axe |
| 10:30 | Research | Horse Collar |
| 10:37 | Queue | Villager (Male) |
| 10:45 | Build | House |
| 10:57 | Build | Palisade Wall |
| 11:10 | Queue | Spearman |
| 11:12 | Queue | Scout Cavalry |
| 11:13 | Queue | Villager (Male) |
| 11:17 | Build | Farm |
| 11:19 | Build | Farm |
| 11:20 | Queue | Villager (Male) |
| 11:32 | Build | House |
| 11:35 | Queue | Villager (Male) |
| 11:38 | Queue | Scout Cavalry |
| 11:43 | Build | Farm |
| 11:50 | Queue | Scout Cavalry |
| 11:51 | Queue | Villager (Male) |
| 11:58 | Build | Farm |
| 12:10 | Build | Farm |
| 12:15 | Queue | Villager (Male) |
| 12:21 | Build | Farm |
| 12:32 | Build | Farm |
| 12:37 | Queue | Villager (Male) |
| 12:53 | Build | Farm |
| 13:02 | Queue | Villager (Male) |
| 13:04 | Build | Farm |
| 13:18 | Build | Farm |
| 13:22 | Build | Farm |
| 13:28 | Queue | Villager (Male) |
| 13:31 | Build | Farm |
| 13:35 | Queue | Scout Cavalry |
| 13:45 | Build | Farm |
| 13:53 | Build | Palisade Gate |
| 13:55 | Queue | Villager (Male) |
| 14:04 | Queue | Villager (Male) |
| 14:07 | Build | Farm |
| 14:44 | Build | Palisade Wall |
| 14:46 | Queue | Spearman |
| 14:52 | Build | Farm |
| 14:52 | Build | Farm |
| 14:55 | Research | Wheelbarrow |
| 15:00 | Queue | Villager (Male) |
| 15:02 | Queue | Scout Cavalry |
| 15:17 | Build | Mining Camp |
| 15:23 | Build | House |
| 15:25 | Build | House |
| 15:29 | Queue | Villager (Male) |
| 15:32 | Build | House |
| 16:03 | Build | House |
| 16:21 | Build | Blacksmith |
| 16:35 | Queue | Spearman |
| 16:39 | Queue | Scout Cavalry |
| 16:40 | Queue | Spearman |
| 16:45 | Queue | Villager (Male) |
| 17:12 | Build | Watch Tower |
| 17:27 | Queue | Spearman |
| 17:36 | Build | Market |
| 18:13 | Research | Fletching |
| 18:14 | Build | Mining Camp |
| 18:17 | Build | House |
| 18:20 | Build | House |
| 18:42 | Build | House |
| 18:44 | Build | House |
| 18:53 | Research | Scale Barding Armor |
| 18:59 | Research | Castle Age |
| 18:59 | Research | Castle Age |
| 19:19 | Queue | Spearman |
| 19:20 | Queue | Spearman |
| 20:04 | Queue | Villager (Male) |
| 20:44 | Build | Watch Tower |
| 20:58 | Research | Scale Mail Armor |
| 21:39 | Age | Castle Age |
| 21:51 | Queue | Unit 1944 ×2 |
| 21:52 | Queue | Unit 1944 ×2 |
| 21:59 | Build | Palisade Wall |
| 22:05 | Build | Farm |
| 22:14 | Build | House |
Match timeline
| 8:24 | DGHIR | Lukera · first_building Barracks |
| 8:26 | DGHIR | Lukera · wall_segment Palisade Wall x3 |
| 8:42 | hK | triunFo · first_building Barracks |
| 9:23 | hK | triunFo · age_up feudal |
| 9:57 | DGHIR | Lukera · age_up feudal |
| 10:03 | hK | triunFo · first_building Stable |
| 10:09 | DGHIR | Lukera · first_building Stable |
| 10:57 | DGHIR | Lukera · wall_segment Palisade Wall x9 |
| 14:33 | hK | triunFo · wall_segment Palisade Wall x2 |
| 14:44 | DGHIR | Lukera · wall_segment Palisade Wall x4 |
| 18:56 | DGHIR | Lukera · first_market_sell 100 food |
| 21:39 | DGHIR | Lukera · age_up castle |
| 21:50 | DGHIR | Lukera · first_market_buy 100 food |
| 21:59 | DGHIR | Lukera · wall_segment Palisade Wall x1 |
| 22:43 | DGHIR | Lukera · resign |
[ AI ANALYSIS · 1 CREDIT ]
What really happened in this match?
Wolo.gg analyzes every decision: build order, eco, micro, common mistakes by bracket. Personalized analysis on WhatsApp or Discord in 30 seconds.
Civ guide
Franks
Perfil
hK | triunFo